 Dungeon Crawl Stone Soup version 0.18.1-48-g4cf74bf (webtiles) character file.

131 dvd the Firebug (level 4, -4/24 HPs)
             Began as a Deep Elf Fire Elementalist on Aug 25, 2016.
             Was an Initiate of Vehumet.
             Killed by Freeze
             ... invoked by baljet's ghost
              (10 damage)
             ... on level 3 of the Dungeon.
             The game lasted 00:09:38 (3229 turns).

dvd the Firebug (Deep Elf Fire Elementalist)        Turns: 3229, Time: 00:09:39

Health: -4/24      AC:  5    Str:  5    XL:     4   Next: 91%
Magic:  3/12       EV: 13    Int: 21    God:    Vehumet [......]
Gold:   159        SH:  0    Dex: 15    Spells: 4 memorised, 3 levels left

rFire  . . .     SeeInvis .     n - -2 quarterstaff (curse)
rCold  . . .     Gourm    .     a - +0 robe
rNeg   . . .     Faith    .     (shield currently unavailable)
rPois  .         Spirit   .     (no helmet)
rElec  .         Dismiss  .     (no cloak)
rCorr  .         Reflect  .     g - +2 pair of gloves
SustAt .         Harm     .     (no boots)
MR     .....                    (no amulet)
Stlth  ++........               (no ring)
                                (no ring)

@: very slightly contaminated, not resistant to hostile enchantments, unstealthy
A: no striking features
a: Renounce Religion


You were on level 3 of the Dungeon.
You worshipped Vehumet.
Vehumet was noncommittal.
You were not hungry.

You visited 1 branch of the dungeon, and saw 3 of its levels.

You collected 159 gold pieces.

Inventory:

Hand Weapons
 h - a +0 dagger of draining
 n - a cursed -2 quarterstaff (weapon)
Armour
 a - a +0 robe (worn)
 g - a +2 pair of gloves (worn)
Wands
 p - a wand of paralysis (10/24)
Scrolls
 e - a scroll of identify
 m - a scroll of amnesia
Potions
 d - 2 potions of flight {unknown}
 f - 2 potions of heal wounds {unknown}
 i - 2 potions of might {unknown}
 k - a potion of berserk rage {unknown}
 l - a potion of resistance
 q - a potion of haste {unknown}
Books
 b - a book of Flames

   Spells                             Type                      Level
   a - Flame Tongue                   Conjuration/Fire             1
   b - Throw Flame                    Conjuration/Fire             2
   c - Conjure Flame                  Conjuration/Fire             3
   d - Inner Flame                    Hexes/Fire                   3
   e - Sticky Flame                   Conjuration/Fire             4
   f - Fireball                       Conjuration/Fire             5
 o - Vehumet's Disquisition on Conjuration
   (You found it on level 3 of the Dungeon)

   Spells                             Type                      Level
   a - Magic Dart                     Conjuration                  1
Comestibles
 c - 3 bread rations
 j - 2 meat rations


   Skills:
 + Level 2.5 Dodging
 + Level 3.4 Stealth
 + Level 4.4 Spellcasting
 + Level 2.3 Conjurations
 + Level 4.5 Fire Magic


You had 3 spell levels left.
You knew the following spells:

 Your Spells              Type           Power        Failure   Level  Hunger
a - Flame Tongue          Conj/Fire      ###..        2%          1    None
b - Throw Flame           Conj/Fire      ###...       4%          2    #......
c - Sticky Flame          Conj/Fire      ###.....     28%         4    ####...
d - Magic Dart            Conj           ##..         6%          1    None


Dungeon Overview and Level Annotations

Branches:
Dungeon (3/15)

Altars:
Kikubaaqudgha
Sif Muna
Vehumet

Annotations:
D:3 baljet's ghost, amateur MfIE


Message History

You are frozen.
Casting: Flame Tongue
Confirm with . or Enter, or press ? or * to list all spells.
Aiming: Flame Tongue
Press: ? - help, Shift-Dir - straight line, f/p - baljet's ghost
Aim: baljet's ghost (almost destroyed)
The flame tongue misses baljet's ghost.
Baljet's ghost points at you and mumbles some strange words.
You are frozen.
* * * LOW HITPOINT WARNING * * *
Casting: Flame Tongue
Confirm with . or Enter, or press ? or * to list all spells.
Aiming: Flame Tongue
Press: ? - help, Shift-Dir - straight line, f/p - baljet's ghost
Aim: baljet's ghost (almost destroyed)
The flame tongue hits baljet's ghost.
Baljet's ghost is almost destroyed.
Baljet's ghost gestures at you while chanting.
You are frozen.
You die...

#.....^.....#
##..#######.# .....##
#.# #.....# #.#
##...## #.# ##.##
#.###### #.# #......#
#.# ######.# ##'## #@#
##...## #W# #.....##
####.# .......##
##.##.#####
........####.........#
........'........###.#
........####...#.# #.#
.......###....##.# #.#
#.....## #.#W....# #.#


You could see baljet's ghost.

Vanquished Creatures
  Terence (D:2)
  4 adders
  2 worms (D:3)
  2 dart slugs
  4 giant geckos
  2 ball pythons (D:2)
  3 giant cockroaches
  6 goblins
  9 hobgoblins
  3 jackals (D:3)
  7 kobolds
  7 bats
  3 giant newts
  6 rats
59 creatures vanquished.

Notes
Turn   | Place    | Note
--------------------------------------------------------------
     0 | D:1      | dvd the Deep Elf Fire Elementalist began the quest for the Orb.
     0 | D:1      | Reached XP level 1. HP: 10/10 MP: 6/6
   188 | D:1      | Reached XP level 2. HP: 14/15 MP: 6/8
   203 | D:1      | Learned a level 2 spell: Throw Flame
   924 | D:2      | Reached XP level 3. HP: 19/19 MP: 6/9
  1499 | D:2      | Reached XP level 4. HP: 24/24 MP: 5/11
  1510 | D:2      | Learned a level 4 spell: Sticky Flame
  1573 | D:2      | Noticed Terence
  1577 | D:2      | Killed Terence
  2329 | D:3      | Noticed baljet's ghost (amateur MfIE)
  2795 | D:3      | Found a radiant altar of Vehumet.
  2801 | D:3      | Identified Vehumet's Disquisition on Conjuration (You found it on level 3 of the Dungeon)
  2803 | D:3      | Became a worshipper of Vehumet
  2807 | D:3      | Found an ancient bone altar of Kikubaaqudgha.
  2808 | D:3      | Found a deep blue altar of Sif Muna.
  2813 | D:3      | Learned a level 1 spell: Magic Dart
  3229 | D:3      | Killed from afar by baljet's ghost

Skill      XL: |  1  2  3  4 |
---------------+-------------+-----
Fire Magic     | 4 |  4.5
Stealth        | 3 |  3.4
Conjurations   | 2 |  2.3
Spellcasting   | 4 |  4.4
Dodging        | |  2.5

Action                   |  1- 3 |  4- 6 || total
-------------------------+-------+-------++-------
Melee: Dagger            |     7 |       ||     7
       Quarterstaff      |       |     6 ||     6
 Cast: Flame Tongue      |    42 |    46 ||    88
       Throw Flame       |    17 |    10 ||    27
       Sticky Flame      |       |     1 ||     1
  Use: Scroll            |       |     8 ||     8
 Stab: Sleeping          |     2 |     3 ||     5
  Eat: Chunk             |     2 |     4 ||     6
       Beef jerky        |       |     1 ||     1
Armor: Robe              |     3 |     7 ||    10
Dodge: Dodged            |    13 |    10 ||    23
